General information
- name: BNet
- type: Ladder team game (AT/RT)
- host: Battle.net
- saver: LAST-TIME-BOB
map: Mur'gulOasis
- players: 8
- length: 45:03
- speed: Fast
- version: 1.28 W3XP
- replay type: Public
» download(257 KB)
Players
team 1 (winner)

»
BIGfag (
pink | 48 APM | 1626 actions | 33:57)
7 Blademaster
3 Wind Walk
3 Critical Strike
1 Bladestorm
» actions
| Assign group hotkey | 17 | |
| Build / train | 86 | |
| Enter build submenu | 30 | |
| Enter hero's abilities submenu | 7 | |
| Remove unit from queue | 3 | |
| Right click | 868 | |
| Select / deselect | 401 | |
| Select group hotkey | 108 | |
| Use ability | 106 | |
1626 total
» units
| Peon | 12 | |
| Troll Headhunter/Berserker | 32 | |
| Shaman | 8 | |
52 total
» upgrades
| Spiked Barricades | 1 | |
| Ranged Weapons | 3 | |
| Armor | 3 | |
| Troll Regeneration | 1 | |
| Shaman Training | 2 | |
| Berserker Upgrade | 1 | |
| Reinforced Defenses | 1 | |
12 total
» buildings
| Altar of Storms | 2 | |
| Orc Burrow | 7 | |
| War Mill | 1 | |
| Barracks | 5 | |
| Watch Tower | 11 | |
| Voodoo Lounge | 1 | |
| Stronghold | 1 | |
| Spirit Lodge | 2 | |
| Fortress | 1 | |
31 total
» build order
02:36 Altar of Storms
02:39 Orc Burrow
02:53 War Mill
03:35 Barracks
04:05 Orc Burrow
04:42 Watch Tower
05:08 Voodoo Lounge
05:50 Watch Tower
06:44 Watch Tower
07:02 Orc Burrow
07:57 Stronghold
08:22 Watch Tower
09:36 Barracks
09:46 Barracks
11:02 Spirit Lodge
11:34 Orc Burrow
11:35 Orc Burrow
11:51 Watch Tower
12:22 Orc Burrow
13:17 Fortress
13:25 Barracks
13:36 Orc Burrow
18:53 Watch Tower
20:08 Altar of Storms
21:25 Watch Tower
21:31 Watch Tower
21:37 Watch Tower
21:41 Watch Tower
21:45 Watch Tower
25:04 Spirit Lodge
25:28 Barracks
» items
| Healing Salve | 2 | |
| Periapt of Vitality | 1 | |
| Scroll of Town Portal | 1 | |
| Orb of Lightning | 1 | |
| Scroll of Speed | 1 | |
6 total
LAST-TIME-BOB (
blue | 67 APM | 3036 actions | 45:03)
9 Blademaster
3 Wind Walk
3 Critical Strike
1 Bladestorm
2 Mirror Image
1 Archmage
1 Blizzard
» actions
| Assign group hotkey | 39 | |
| Basic commands | 4 | |
| Build / train | 85 | |
| Enter build submenu | 29 | |
| Enter hero's abilities submenu | 10 | |
| Give item / drop item | 3 | |
| Remove unit from queue | 1 | |
| Right click | 1534 | |
| Select / deselect | 327 | |
| Select group hotkey | 750 | |
| Use ability | 254 | |
3036 total
» units
| Peon | 17 | |
| Wind Rider | 4 | |
| Raider | 7 | |
| Mortar Team | 5 | |
| Troll Batrider | 8 | |
41 total
» upgrades
| Reinforced Defenses | 1 | |
| Ranged Weapons | 1 | |
| Armor | 2 | |
| Envenomed Spears | 1 | |
| Ensnare | 1 | |
| Pillage | 1 | |
| Melee Weapons | 2 | |
| Liquid Fire | 1 | |
10 total
» buildings
| Altar of Storms | 1 | |
| Orc Burrow | 8 | |
| Voodoo Lounge | 2 | |
| Stronghold | 2 | |
| War Mill | 2 | |
| Beastiary | 2 | |
| Fortress | 2 | |
| Watch Tower | 34 | |
| Great Hall | 2 | |
55 total
» build order
00:12 Altar of Storms
00:19 Orc Burrow
01:04 Voodoo Lounge
02:10 Stronghold
02:10 Stronghold
02:27 Orc Burrow
02:28 Orc Burrow
02:51 War Mill
04:46 Beastiary
04:47 Beastiary
05:08 Fortress
05:08 Fortress
05:54 Watch Tower
05:56 Watch Tower
05:58 Watch Tower
05:59 Watch Tower
07:05 Orc Burrow
07:11 Orc Burrow
08:43 Watch Tower
09:57 Watch Tower
10:26 Orc Burrow
11:53 Watch Tower
11:54 Watch Tower
13:17 Watch Tower
13:17 Watch Tower
13:17 Watch Tower
13:18 Watch Tower
13:31 Watch Tower
13:31 Watch Tower
13:42 Watch Tower
14:51 Watch Tower
14:51 Watch Tower
14:52 Watch Tower
14:52 Watch Tower
15:05 Great Hall
20:21 Watch Tower
20:21 Watch Tower
20:22 Watch Tower
20:23 Watch Tower
20:23 Watch Tower
20:23 Watch Tower
21:49 Watch Tower
21:50 Watch Tower
21:50 Watch Tower
22:50 Orc Burrow
23:16 Orc Burrow
24:58 Watch Tower
24:58 Watch Tower
25:00 Watch Tower
25:00 Watch Tower
25:00 Watch Tower
25:10 Watch Tower
30:03 Voodoo Lounge
34:54 Great Hall
34:57 War Mill
» items
| Healing Salve | 3 | |
| Lesser Clarity Potion | 1 | |
| Staff of Teleportation | 1 | |
| Orb of Lightning | 1 | |
| Tiny Great Hall | 1 | |
| Scroll of Town Portal | 5 | |
| Scroll of Speed | 1 | |
13 total
ANGRYKOREAMAN (
yellow | 88 APM | 1148 actions | 13:06)
3 Blood Mage
1 Siphon Mana
2 Flame Strike
2 Archmage
1 Blizzard
1 Brilliance Aura
» actions
| Assign group hotkey | 19 | |
| Basic commands | 50 | |
| Build / train | 81 | |
| Enter build submenu | 21 | |
| Enter hero's abilities submenu | 5 | |
| Right click | 617 | |
| Select / deselect | 146 | |
| Select group hotkey | 166 | |
| Use ability | 43 | |
1148 total
» units
| Peasant | 10 | |
| Footman | 6 | |
| Mortar Team | 5 | |
| Sorceress | 4 | |
25 total
» upgrades
» buildings
| Altar of Kings | 1 | |
| Farm | 9 | |
| Lumber Mill | 1 | |
| Scout Tower | 4 | |
| Arcane Tower | 7 | |
| Barracks | 1 | |
| Keep | 4 | |
| Guard Tower | 4 | |
| Arcane Sanctum | 1 | |
| Blacksmith | 1 | |
| Workshop | 2 | |
| Castle | 3 | |
| Arcane Vault | 1 | |
39 total
» build order
00:16 Altar of Kings
00:21 Farm
00:24 Lumber Mill
01:10 Farm
01:24 Scout Tower
01:59 Arcane Tower
01:59 Arcane Tower
02:04 Barracks
03:32 Keep
03:33 Keep
03:40 Farm
03:51 Farm
04:26 Farm
05:35 Scout Tower
05:36 Scout Tower
06:19 Guard Tower
06:19 Guard Tower
06:20 Guard Tower
06:23 Arcane Sanctum
06:26 Blacksmith
07:20 Scout Tower
07:33 Workshop
07:53 Arcane Tower
07:53 Arcane Tower
07:53 Arcane Tower
09:47 Workshop
10:54 Castle
10:54 Castle
11:01 Farm
11:04 Farm
11:48 Farm
11:52 Farm
12:11 Arcane Vault
» items
| Scroll of Speed | 1 | |
| Scroll of Town Portal | 1 | |
| Staff of Teleportation | 1 | |
3 total

»
xxx420blazexxx (
red | 67 APM | 2259 actions | 33:54)
5 Shadow Hunter
2 Hex
3 Healing Wave
4 Tauren Chieftain
2 Endurance Aura
2 Shockwave
» actions
| Assign group hotkey | 21 | |
| Basic commands | 15 | |
| Build / train | 65 | |
| Enter build submenu | 18 | |
| Enter hero's abilities submenu | 11 | |
| Give item / drop item | 4 | |
| Right click | 1420 | |
| Select / deselect | 255 | |
| Select group hotkey | 329 | |
| Use ability | 121 | |
2259 total
» units
| Peon | 10 | |
| Grunt | 11 | |
| Wind Rider | 1 | |
| Tauren | 1 | |
23 total
» upgrades
| Melee Weapons | 2 | |
| Armor | 2 | |
| Spiked Barricades | 1 | |
| Berserker Strength | 1 | |
6 total
» buildings
| Altar of Storms | 1 | |
| Orc Burrow | 6 | |
| Barracks | 1 | |
| Voodoo Lounge | 1 | |
| War Mill | 1 | |
| Watch Tower | 3 | |
| Stronghold | 4 | |
| Beastiary | 1 | |
| Fortress | 2 | |
| Tauren Totem | 2 | |
22 total
» build order
00:13 Altar of Storms
00:21 Orc Burrow
00:37 Barracks
01:52 Orc Burrow
03:12 Voodoo Lounge
03:15 War Mill
04:45 Orc Burrow
04:51 Watch Tower
05:27 Stronghold
05:27 Stronghold
05:27 Stronghold
07:22 Orc Burrow
07:40 Watch Tower
08:55 Beastiary
09:35 Watch Tower
10:19 Fortress
12:00 Orc Burrow
12:03 Orc Burrow
13:00 Tauren Totem
13:05 Tauren Totem
» items
| Healing Salve | 2 | |
| Lesser Clarity Potion | 2 | |
| Scroll of Speed | 1 | |
| Scroll of Town Portal | 4 | |
| Circlet of Nobility | 1 | |
| Boots of Speed | 1 | |
| Potion of Mana | 1 | |
| Orb of Lightning | 1 | |
13 total
team 2 (loser)
$$$$$$ (
purple | 65 APM | 2905 actions | 45:01)
6 Archmage
3 Summon Water Elemental
2 Brilliance Aura
1 Mass Teleport
3 Mountain King
2 Storm Bolt
1 Bash
» actions
| Assign group hotkey | 123 | |
| Basic commands | 192 | |
| Build / train | 98 | |
| Enter build submenu | 51 | |
| Enter hero's abilities submenu | 10 | |
| Give item / drop item | 3 | |
| Remove unit from queue | 2 | |
| Right click | 1196 | |
| Select / deselect | 493 | |
| Select group hotkey | 597 | |
| Use ability | 139 | |
2905 total
» units
| Peasant | 15 | |
| Footman | 5 | |
| Dragonhawk Rider | 7 | |
| Gryphon Rider | 4 | |
31 total
» upgrades
| Lumber Harvesting | 2 | |
| Masonry | 3 | |
| Swords | 3 | |
| Armor | 3 | |
| Cloud | 1 | |
| Animal War Training | 1 | |
| Magic Sentry | 1 | |
| Storm Hammers | 1 | |
15 total
» buildings
| Altar of Kings | 1 | |
| Barracks | 1 | |
| Farm | 8 | |
| Scout Tower | 28 | |
| Arcane Tower | 3 | |
| Keep | 1 | |
| Arcane Vault | 4 | |
| Lumber Mill | 3 | |
| Guard Tower | 11 | |
| Castle | 1 | |
| Gryphon Aviary | 4 | |
| Blacksmith | 2 | |
| Town Hall | 2 | |
| Arcane Sanctum | 1 | |
70 total
» build order
00:40 Altar of Kings
00:41 Barracks
00:54 Farm
00:55 Farm
01:06 Farm
01:37 Farm
02:07 Scout Tower
03:05 Arcane Tower
03:31 Keep
03:37 Arcane Vault
06:06 Lumber Mill
06:07 Scout Tower
06:12 Lumber Mill
06:13 Arcane Vault
06:36 Arcane Tower
06:39 Scout Tower
06:40 Scout Tower
06:41 Scout Tower
06:44 Scout Tower
06:53 Scout Tower
07:13 Guard Tower
07:14 Guard Tower
07:14 Guard Tower
07:37 Guard Tower
08:58 Castle
10:34 Gryphon Aviary
10:34 Gryphon Aviary
10:36 Gryphon Aviary
10:51 Gryphon Aviary
10:54 Blacksmith
10:55 Blacksmith
10:58 Farm
10:58 Farm
11:55 Farm
12:34 Farm
18:26 Town Hall
18:30 Scout Tower
18:31 Scout Tower
18:31 Scout Tower
19:01 Guard Tower
19:03 Guard Tower
19:07 Lumber Mill
21:03 Scout Tower
21:05 Scout Tower
21:07 Scout Tower
21:09 Arcane Vault
21:11 Scout Tower
23:58 Guard Tower
25:18 Arcane Sanctum
30:09 Town Hall
30:11 Scout Tower
30:11 Scout Tower
30:12 Scout Tower
30:12 Scout Tower
30:15 Scout Tower
30:15 Scout Tower
30:16 Scout Tower
30:17 Scout Tower
30:20 Scout Tower
30:20 Scout Tower
30:20 Scout Tower
30:21 Scout Tower
30:49 Guard Tower
31:11 Guard Tower
31:15 Arcane Tower
32:45 Guard Tower
37:28 Keep
37:35 Arcane Vault
37:41 Keep
» items
| Scroll of Regeneration | 4 | |
| Potion of Healing | 3 | |
| Scroll of Town Portal | 5 | |
| Lesser Clarity Potion | 1 | |
| Staff of Sanctuary | 1 | |
| Staff of Teleportation | 2 | |
| Periapt of Vitality | 3 | |
| Boots of Speed | 1 | |
| Potion of Invisibility | 1 | |
| Potion of Lesser Invulnerability | 1 | |
22 total

»
lemoncheddar (
green | 15 APM | 582 actions | 39:15)
3 Archmage
2 Summon Water Elemental
1 Brilliance Aura
» actions
| Assign group hotkey | 19 | |
| Build / train | 62 | |
| Enter build submenu | 21 | |
| Enter hero's abilities submenu | 3 | |
| Remove unit from queue | 3 | |
| Right click | 107 | |
| Select / deselect | 226 | |
| Select group hotkey | 88 | |
| Use ability | 53 | |
582 total
» units
| Peasant | 16 | |
| Footman | 10 | |
| Mortar Team | 1 | |
| Siege Engine | 11 | |
38 total
» upgrades
| Defend | 1 | |
| Barrage | 1 | |
| Gunpowder | 1 | |
| Plating | 1 | |
| Lumber Harvesting | 1 | |
| Masonry | 1 | |
6 total
» buildings
| Altar of Kings | 1 | |
| Farm | 11 | |
| Barracks | 1 | |
| Scout Tower | 11 | |
| Arcane Tower | 1 | |
| Lumber Mill | 1 | |
| Keep | 1 | |
| Blacksmith | 1 | |
| Arcane Vault | 1 | |
| Castle | 1 | |
| Workshop | 3 | |
| Cannon Tower | 2 | |
| Guard Tower | 4 | |
| Town Hall | 2 | |
41 total
» build order
00:08 Altar of Kings
00:13 Farm
00:19 Barracks
01:04 Farm
01:35 Scout Tower
01:49 Farm
02:08 Arcane Tower
02:39 Lumber Mill
02:47 Farm
03:05 Keep
03:40 Blacksmith
04:02 Arcane Vault
04:15 Farm
06:51 Castle
07:05 Workshop
08:20 Workshop
08:25 Workshop
10:16 Scout Tower
10:17 Scout Tower
10:18 Scout Tower
10:57 Cannon Tower
11:28 Guard Tower
11:35 Farm
11:36 Farm
11:37 Farm
11:38 Farm
11:44 Farm
11:45 Farm
12:00 Cannon Tower
13:33 Town Hall
13:37 Scout Tower
13:38 Scout Tower
13:38 Scout Tower
13:39 Scout Tower
14:50 Guard Tower
15:04 Guard Tower
17:58 Town Hall
18:02 Scout Tower
18:03 Scout Tower
18:04 Scout Tower
18:37 Guard Tower
» items
humansrulethewo (
teal | 26 APM | 1141 actions | 43:53)
8 Blademaster
3 Wind Walk
3 Critical Strike
1 Bladestorm
1 Mirror Image
» actions
| Build / train | 71 | |
| Enter build submenu | 30 | |
| Enter hero's abilities submenu | 8 | |
| Give item / drop item | 6 | |
| Remove unit from queue | 1 | |
| Right click | 530 | |
| Select / deselect | 363 | |
| Use ability | 132 | |
1141 total
» units
| Peon | 8 | |
| Troll Batrider | 16 | |
| Wind Rider | 9 | |
33 total
» upgrades
| Armor | 2 | |
| Ranged Weapons | 1 | |
| Envenomed Spears | 1 | |
| Liquid Fire | 1 | |
| Reinforced Defenses | 1 | |
6 total
» buildings
| Altar of Storms | 1 | |
| Orc Burrow | 7 | |
| Voodoo Lounge | 1 | |
| War Mill | 1 | |
| Stronghold | 1 | |
| Watch Tower | 16 | |
| Beastiary | 3 | |
| Fortress | 1 | |
31 total
» build order
00:09 Altar of Storms
00:10 Orc Burrow
01:05 Voodoo Lounge
01:33 War Mill
02:05 Orc Burrow
03:00 Stronghold
03:57 Watch Tower
04:14 Watch Tower
05:21 Beastiary
05:24 Beastiary
05:26 Beastiary
06:13 Orc Burrow
06:17 Orc Burrow
10:37 Fortress
11:45 Orc Burrow
12:34 Orc Burrow
21:21 Watch Tower
21:22 Watch Tower
21:23 Watch Tower
21:27 Watch Tower
21:33 Watch Tower
21:40 Watch Tower
21:53 Watch Tower
21:57 Watch Tower
22:35 Watch Tower
22:51 Watch Tower
22:53 Watch Tower
22:57 Watch Tower
23:00 Watch Tower
23:03 Watch Tower
42:31 Orc Burrow
» items
| Healing Salve | 4 | |
| Lesser Clarity Potion | 4 | |
| Scroll of Speed | 1 | |
| Boots of Speed | 1 | |
| Circlet of Nobility | 1 | |
| Staff of Teleportation | 2 | |
| Scroll of Healing | 1 | |
| Potion of Lesser Invulnerability | 2 | |
| Potion of Healing | 1 | |
| Orb of Lightning | 1 | |
| Scroll of Town Portal | 1 | |
| Tiny Great Hall | 1 | |
20 total
Feitan (
orange | 50 APM | 2262 actions | 45:01)
4 Keeper of the Grove
1 Force of Nature
2 Thorns Aura
1 Entangling Roots
4 Demon Hunter
2 Evasion
1 Immolation
1 Mana Burn
» actions
| Assign group hotkey | 31 | |
| Basic commands | 1 | |
| Build / train | 46 | |
| Enter build submenu | 32 | |
| Enter hero's abilities submenu | 8 | |
| Remove unit from queue | 7 | |
| Right click | 1569 | |
| Select / deselect | 316 | |
| Select group hotkey | 194 | |
| Use ability | 58 | |
2262 total
» units
| Wisp | 14 | |
| Archer | 1 | |
| Huntress | 3 | |
| Chimaera | 4 | |
22 total
» upgrades
| Backpack | 1 | |
| Nature's Blessing | 1 | |
| Well Spring | 1 | |
| Corrosive Breath | 1 | |
4 total
» buildings
| Altar of Elders | 1 | |
| Moon Well | 12 | |
| Ancient of War | 1 | |
| Hunter's Hall | 3 | |
| Tree of Ages | 1 | |
| Ancient of Wonders | 1 | |
| Tree of Eternity | 1 | |
| Ancient Protector | 3 | |
| Ancient of Wind | 1 | |
| Chimaera Roost | 3 | |
| Tree of Life | 3 | |
30 total
» build order
00:18 Altar of Elders
00:21 Moon Well
00:43 Ancient of War
02:02 Hunter's Hall
02:08 Hunter's Hall
02:16 Moon Well
03:10 Tree of Ages
04:13 Moon Well
05:16 Moon Well
05:19 Moon Well
06:01 Ancient of Wonders
06:04 Tree of Eternity
06:10 Ancient Protector
06:53 Moon Well
07:16 Moon Well
08:06 Moon Well
08:38 Moon Well
09:36 Moon Well
09:55 Moon Well
09:59 Moon Well
10:54 Ancient of Wind
11:39 Ancient Protector
11:45 Ancient Protector
12:03 Chimaera Roost
12:05 Chimaera Roost
12:19 Tree of Life
13:59 Tree of Life
16:21 Chimaera Roost
16:57 Hunter's Hall
25:18 Tree of Life
» items
| Orb of Fire | 1 | |
| Scroll of Regeneration | 1 | |
2 total
Chat log
(00:07 / All) Feitan: hey 420
(00:14 / All) xxx420blazexxx: hi
(01:31 / Allies) xxx420blazexxx: well pink is afk should we rush
(02:04 / Allies) xxx420blazexxx: y
(02:23 / All) $$$$$$: JUST BEAT IT
(02:24 / All) $$$$$$: BEAT IT
(02:28 / All) $$$$$$: NO ONE WANTS TO BE DEFEATED
(02:49 / Allies) ANGRYKOREAMAN: bigfag u play?
(03:12 / Allies) ANGRYKOREAMAN: i think hes a troll
(04:09 / All) $$$$$$: that didn't go where I wanted lawl
(04:24 / All) $$$$$$: little queers holding hands creeping together
(04:47 / All) $$$$$$: christ
(04:48 / Allies) ANGRYKOREAMAN: red
(04:55 / All) $$$$$$: fucking faggot
(05:00 / All) $$$$$$: go hold hands with your pal queer
(05:12 / Allies) xxx420blazexxx: go creep around ur base
(05:17 / Allies) ANGRYKOREAMAN: no attack
(05:33 / Allies) xxx420blazexxx: tower
(05:35 / Allies) xxx420blazexxx: he tecching
(05:38 / All) $$$$$$: this is gay
(06:04 / Allies) ANGRYKOREAMAN: out
(06:11 / Allies) ANGRYKOREAMAN: let them divide and go again
(07:51 / All) $$$$$$: sigh
(07:56 / All) $$$$$$: I swear to god
(08:02 / All) $$$$$$: red ever on my team instant tk
(08:42 / All) $$$$$$: lol this little faggot
(08:44 / All) $$$$$$: over here creeping oranges
(08:46 / All) $$$$$$: on other side of map
(09:02 / Allies) LAST-TIME-BOB: tp red
(11:00 / Allies) LAST-TIME-BOB: come lets creep middle
(11:02 / Allies) LAST-TIME-BOB: gonna expo
(11:13 / Allies) LAST-TIME-BOB: ignore it
(11:15 / Allies) xxx420blazexxx: this guy so bad
(11:15 / Allies) LAST-TIME-BOB: lets get expo
(12:18 / Allies) ANGRYKOREAMAN: so???
(12:22 / Allies) ANGRYKOREAMAN: stop cahnging mind
(12:38 / Allies) LAST-TIME-BOB: wood plz
(12:39 / Allies) LAST-TIME-BOB: expoing
(13:02 / Allies) LAST-TIME-BOB: move
(13:06 / All) Feitan: D
(13:26 / Allies) LAST-TIME-BOB: stasy here
(15:41 / Allies) LAST-TIME-BOB: wood
(15:42 / Allies) LAST-TIME-BOB: me
(15:48 / Allies) LAST-TIME-BOB: dont tp to red
(15:49 / Allies) LAST-TIME-BOB: finish green
(16:23 / Allies) LAST-TIME-BOB: wood me
(18:13 / Allies) LAST-TIME-BOB: hit right side
(18:59 / Allies) LAST-TIME-BOB: stay by my expo
(19:29 / Allies) xxx420blazexxx: ok fuck my base
(19:48 / Allies) LAST-TIME-BOB: hit green base
(21:30 / Allies) xxx420blazexxx: we gotta fight somewhere
(22:08 / Allies) LAST-TIME-BOB: next base
(23:29 / Allies) xxx420blazexxx: u right
(24:15 / Allies) xxx420blazexxx: get the roosts
(29:39 / Allies) LAST-TIME-BOB: who nee dgold
(31:01 / All) $$$$$$: pink bm got saved by being with his hh
(31:04 / All) $$$$$$: so I missed bolt
(32:19 / Allies) LAST-TIME-BOB: teal next
(34:54 / All) Feitan: wow purple tk the faggot
(36:29 / All) Feitan: purple tk lmfao
(36:29 / All) $$$$$$: HE HE
(36:32 / All) Feitan: reprted
(36:39 / All) $$$$$$: reported for what?
(36:53 / All) Feitan: tk im recording and posting on wc3 forums pages
(37:03 / All) Feitan: you can get ip banned
(37:03 / All) $$$$$$: this is an alternative strategy
(37:06 / All) $$$$$$: please don't report
(37:09 / All) Feitan: 1 less fuck head
(37:13 / All) LAST-TIME-BOB: woot i owned 1v4
(37:14 / All) LAST-TIME-BOB: woot
(37:19 / All) $$$$$$: please don't report me Lord Farsanky youtube.com/lordfarsanky
(37:20 / All) LAST-TIME-BOB: raped u oj!!
(37:40 / All) Feitan: ?blue you won coz it was 5v3 at the start purple was tk
(37:47 / All) LAST-TIME-BOB: dude i wrecked u. stfu
(37:49 / All) LAST-TIME-BOB: giv eme credit
(37:52 / All) Feitan: but its ok coz hes gonna get banned
(37:56 / All) Feitan: no
(39:09 / All) Feitan: well ima chill heere and make some food and record this whole game of purple tking
(39:11 / All) Feitan: enjoy gg
(39:21 / All) $$$$$$: there's nothing wrong with TKing
(39:24 / All) $$$$$$: It's an alternative strategy
(39:27 / All) Feitan: yea its agasint the rules
(39:31 / All) Feitan: cheating/boosting
(39:34 / All) Feitan: another player
(39:37 / All) Feitan: so enjoy ban buddy
(39:38 / All) Feitan: ;)
(39:45 / All) $$$$$$: Don't report me on the forums
(39:54 / All) Feitan: to late
(40:01 / All) $$$$$$: please don't
(40:07 / All) Feitan: idc
(40:09 / All) Feitan: we will see
(40:10 / All) $$$$$$: there's nothing wrong with it
(40:11 / All) Feitan: enjoy kid
(40:32 / All) $$$$$$: if you weren't a noob I wouldn't have tked
(40:34 / All) $$$$$$: this is your fault
(40:42 / All) Feitan: ahaha dont blame
(40:44 / All) Feitan: idc
(40:46 / All) $$$$$$: this is more your fualt than mine
(40:51 / All) Feitan: at least ill still have my acc
(40:55 / All) Feitan: 1 less noob
(40:56 / All) Feitan: :)
(41:01 / All) Feitan: so idm
(41:05 / All) Feitan: jsut a loss for me
(41:07 / All) $$$$$$: I doubt you'll post this on the forum
(41:08 / All) Feitan: for you loss of game
(41:09 / All) $$$$$$: you're all talk
(41:11 / All) Feitan: we wills ee
(41:13 / All) $$$$$$: I'll have my account too :)
(41:14 / All) Feitan: go on their right now
(41:15 / All) LAST-TIME-BOB: uh, purple was the best player on your team, oj
(41:16 / All) Feitan: i dare you
(41:21 / All) $$$$$$: You're lying you won't post on forum
(41:27 / All) $$$$$$: You'll just click play game
(41:29 / All) Feitan: go on forums now
(41:31 / All) Feitan: its up
(41:31 / All) $$$$$$: It'll be like it never happened
(41:32 / All) Feitan: :)
(41:39 / All) $$$$$$: I don't believe you :)
(41:44 / All) Feitan: ahah ok kid go look
(41:46 / All) $$$$$$: you don't have the balls
(41:46 / All) Feitan: ill wait here
(41:47 / All) Feitan: :)
(42:00 / All) $$$$$$: dude you're a noob
(42:07 / All) $$$$$$: if you weren't such a scrub I wouldn't have tked
(42:11 / All) $$$$$$: it's your fault
(42:13 / All) $$$$$$: not mine
(42:15 / All) $$$$$$: so don't report me
(42:16 / All) Feitan: aahah ok keep blaming
(42:19 / All) Feitan: dont suck up now
(42:27 / All) Feitan: your gonan get abnned
(42:28 / All) Feitan: :)
(42:33 / All) $$$$$$: It's not fair for you to report me
(42:36 / All) $$$$$$: I don't think you would anyawy
(42:40 / All) Feitan: i did notjing wrong
(42:43 / All) Feitan: your boosting
(42:46 / All) $$$$$$: I didn't do anything wrong
(42:48 / All) Feitan: so ...
(42:49 / All) $$$$$$: there's nothing wrong with tking
(42:53 / All) $$$$$$: it's a fact of battle net
(42:54 / All) Feitan: boosting is cheating
(43:03 / All) $$$$$$: don't report me on forums dude
(43:04 / All) Feitan: enjoy ban
(43:05 / All) $$$$$$: please
(43:05 / All) Feitan: kid
(43:06 / All) Feitan: :)
(43:16 / All) Feitan: ima make some food
(43:18 / All) LAST-TIME-BOB: orange areu here?
(43:18 / All) Feitan: gg blue
(43:20 / All) $$$$$$: Do you promise not to report me on forums?
(43:22 / All) LAST-TIME-BOB: orange ig ot a quesiton
(43:35 / All) LAST-TIME-BOB: can you at least admit purple did the most on ur team
(43:39 / All) $$$$$$: Blue this noob is too lazy to report me on forums lol
(43:42 / All) $$$$$$: he's all bark no bite
(44:41 / All) $$$$$$: Okay I end the game, orange is ALL TALK NO BITE
(44:45 / All) $$$$$$: Thank god
(44:53 / All) $$$$$$: that would be fucked up if he made a thread about me on the forum